 Dungeon Crawl Stone Soup version 0.20.1-1-g8b1a95d (webtiles) character file.

107 Folque the Magician (level 4, -2/29 HPs)
             Began as an Octopode Wizard on Nov 17, 2017.
             Was an Initiate of Sif Muna.
             Slain by an orc
             ... wielding a +0 war axe
              (4 damage)
             ... on level 4 of the Dungeon.
             The game lasted 00:09:27 (3476 turns).

Folque the Magician (Octopode Wizard)               Turns: 3476, Time: 00:09:28

Health: -2/29      AC:  1    Str:  6    XL:     4   Next: 85%
Magic:  6/9        EV: 13    Int: 26    God:    Sif Muna [......]
Gold:   112        SH:  0    Dex: 10    Spells: 2/10 levels left

rFire    . . .     SeeInvis .   i - +1 war axe (freeze)
rCold    . . .     Gourm    .   (no shield)
rNeg     . . .     Faith    .   f - +0 hat
rPois    .         Spirit   .   (no amulet)
rElec    .         Reflect  .   (no ring)
rCorr    .         Harm     .   (no ring)
MR       .....                  (no ring)
Stlth    +++.......             (no ring)
Regen    0.1/turn               (no ring)
MPRegen  0.2/turn               (no ring)
                                (no ring)
                                (no ring)

@: brilliant, slowed, very slow
A: almost no armour, stealthy swim, amphibious, 8 rings, constrict 8, camouflage
1, gelatinous body 1
a: Renounce Religion


You were on level 4 of the Dungeon.
You worshipped Sif Muna.
Sif Muna was noncommittal.
You were hungry.

You visited 1 branch of the dungeon, and saw 4 of its levels.

You collected 112 gold pieces.

Inventory:

Hand Weapons
 i - a +1 war axe of freezing (weapon)
 v - a +0 short sword
Missiles
 u - 4 tomahawks (quivered)
Armour
 a - a +0 hat
 f - a +0 hat (worn)
Scrolls
 k - 2 scrolls of teleportation
 m - a scroll of fog {unknown}
 o - a scroll of magic mapping
 p - a scroll of blinking {unknown}
 s - 2 scrolls of enchant armour {unknown}
 t - a scroll of remove curse
 y - a scroll of noise {unknown}
 A - a scroll of amnesia
Potions
 d - 2 potions of might {unknown}
 e - a potion of brilliance
 g - a potion of mutation {unknown}
 j - a potion of heal wounds {unknown}
 n - a potion of berserk rage {unknown}
 q - 2 potions of curing
 w - a potion of ambrosia {unknown}
 x - a potion of lignification {unknown}
Books
 b - a book of Minor Magic

   Spells                             Type                      Level
   a - Magic Dart                     Conjuration                  1
   b - Blink                          Translocation                2
   c - Call Imp                       Summoning                    2
   d - Slow                           Hexes                        2
   e - Conjure Flame                  Conjuration/Fire             3
   f - Mephitic Cloud                 Conjuration/Poison/Air       3
Comestibles
 c - 2 bread rations
 h - 2 royal jellies
 l - 2 meat rations
 r - 3 chunks of flesh
 z - 7 fruits


   Skills:
 - Level 2.0 Fighting
 - Level 2.0 Dodging
 - Level 2.6 Stealth
 + Level 3.8 Spellcasting
 + Level 1.3 Conjurations
 - Level 1.0 Summonings
 - Level 1.0 Translocations
 * Level 2.7 Poison Magic


You had 2 spell levels left.
You knew the following spells:

 Your Spells              Type           Power        Failure   Level  Hunger
a - Magic Dart            Conj           ####         1%          1    None
b - Call Imp              Summ           ####....     1%          2    #......
c - Blink                 Tloc           N/A          1%          2    #......
d - Mephitic Cloud        Conj/Pois/Air  ####....     1%          3    ##.....


Dungeon Overview and Level Annotations

Branches:
Dungeon (4/15)
 Temple: D:4-7

Altars:
Dithmenos
Elyvilon
Fedhas
Nemelex Xobeh
Sif Muna

Annotations:
D:4 Natasha


Innate Abilities, Weirdness & Mutations

You cannot wear most types of armour.
You are very stealthy in the water. (Stealth+)
You are amphibious.
You can wear up to eight rings at the same time.
You can use your tentacles to constrict eight enemies at once.
Your skin changes colour to match your surroundings (Stealth+).
Your rubbery body absorbs attacks. (AC +1, EV +1)


Message History

The orc wizard misses you. The orc wizard hits you with a dagger.
The orc barely misses you.
As you read the scroll labeled CEABUZAUQO, it crumbles to dust.
It is a scroll of amnesia.
Forget which spell ([?*] list [ESC] exit)?
Forget which spell ([?*] list [ESC] exit)?
Okay, then.
The orc wizard points at you and mumbles some strange words.
The magic dart hits you!
* * * LOW HITPOINT WARNING * * *
The orc wizard gestures wildly while chanting.
The orc wizard flickers and vanishes!
Deactivating autopickup; reactivate with Ctrl-A.
The orc wizard completely misses you. The orc barely misses you.
Natasha hisses.
It was a potion of brilliance.
You feel clever all of a sudden.
Natasha casts a spell.
The orc wizard barely misses you. The orc hits you with a war axe.
You die...

#.# #.#
#.# #.#
#.# #.#
#.#
##.####
#oho@.#
#5{##o#
#..# .#
#.o# .#
#..# .#
#<.# .#
#..o ..
#.## .#


You could see an orc wizard, Natasha, a crimson imp and 2 orcs.

Vanquished Creatures
  An ooze (D:1)
  3 leopard geckos (D:3)
  8 bats
  3 giant cockroaches
  11 goblins
  5 hobgoblins
  5 jackals
  A ball python (D:3)
  9 frilled lizards
  3 kobolds
  9 rats
58 creatures vanquished.

Vanquished Creatures (collateral kills)
  5 adders
  3 worms
  2 jackals (D:2)
  A kobold (D:2)
  A quokka (D:3)
  A rat (D:2)
13 creatures vanquished.

Grand Total: 71 creatures vanquished

Notes
Turn   | Place    | Note
-------+----------+-------------------------------------------
     0 | D:1      | Folque the Octopode Wizard began the quest for the Orb.
     0 | D:1      | Reached XP level 1. HP: 11/11 MP: 4/4
   505 | D:1      | Reached skill level 1 in Fighting
   538 | D:1      | Reached XP level 2. HP: 18/18 MP: 6/6
   689 | D:1      | Learned a level 2 spell: Call Imp
   692 | D:1      | Learned a level 2 spell: Blink
  1057 | D:1      | Reached XP level 3. HP: 22/24 MP: 7/7
  1333 | D:1      | Learned a level 3 spell: Mephitic Cloud
  1567 | D:2      | Found a shadowy altar of Dithmenos.
  1677 | D:2      | Found a blossoming altar of Fedhas.
  1700 | D:2      | Reached skill level 1 in Poison Magic
  2158 | D:2      | Reached XP level 4. HP: 19/29 MP: 6/9
  2446 | D:3      | Found a white marble altar of Elyvilon.
  3006 | D:3      | Found a sparkling altar of Nemelex Xobeh.
  3209 | D:3      | Found a deep blue altar of Sif Muna.
  3215 | D:3      | Became a worshipper of Sif Muna the Loreminder
  3461 | D:4      | Noticed Natasha
  3476 | D:4      | Slain by an orc

Skill      XL: |  1  2  3  4 |
---------------+-------------+-----
Fighting       | 1 2 |  2.0
Poison Magic   | 1 2 |  2.7
Dodging        | |  2.0
Stealth        | |  2.6
Spellcasting   | |  3.8
Conjurations   | |  1.3
Summonings     | |  1.0
Translocations | |  1.0

Action                   |  1- 3 |  4- 6 || total
-------------------------+-------+-------++-------
Melee: Unarmed           |    19 |       ||    19
       Constrict         |    17 |    13 ||    30
       Dagger            |    55 |       ||    55
       Tentacles         |    11 |     3 ||    14
       Club              |     1 |       ||     1
       Short sword       |     8 |    25 ||    33
       War axe           |       |    31 ||    31
 Cast: Magic Dart        |     9 |     5 ||    14
       Call Imp          |     9 |     7 ||    16
       Mephitic Cloud    |       |     1 ||     1
       Blink             |       |     1 ||     1
  Use: Scroll            |     1 |     3 ||     4
       Potion            |       |     1 ||     1
 Stab: Sleeping          |    10 |     5 ||    15
  Eat: Chunk             |     4 |     4 ||     8
Armor: Skin              |     9 |     5 ||    14
Dodge: Dodged            |    53 |    64 ||   117
